 Dungeon Crawl Stone Soup version 0.24.0-13-gcf9b319 (webtiles) character file.

Game seed: 7230734289748365714, levelgen mode: deterministic

432 Afromullet the Grasshopper (level 7, -1/56 HPs)
             Began as a Gnoll Warper on Feb 3, 2020.
             Slain by Pikel
             ... wielding a +2 whip of flaming
              (2 damage)
             ... on level 4 of the Dungeon.
             The game lasted 00:16:39 (3554 turns).

Afromullet the Grasshopper (Gnoll Warper)           Turns: 3554, Time: 00:16:39

Health: -1/56      AC:  7    Str: 12 (13) XL:     7   Next: 0%
Magic:  15/15      EV: 20    Int: 17 (18) God:
Gold:   174        SH:  0    Dex: 16 (19) Spells: 4/16 levels left

rFire    . . .     SeeInvis .   h - +1 flail (holy)
rCold    . . .     Gourm    .   (no shield)
rNeg     + . .     Faith    .   b - +0 leather armour
rPois    .         Spirit   .   i - +0 helmet
rElec    .         Reflect  .   (no cloak)
rCorr    +         Harm     .   (no gloves)
MR       .....                  r - +2 pair of boots
Stlth    +++.......             (no amulet)
HPRegen  0.18/turn              j - ring of positive energy
MPRegen  0.14/turn              n - ring of resist corrosion

@: agile
A: distributed training, fangs 1, strong nose
a: no special abilities


You were on level 4 of the Dungeon.
You were hungry.

You visited 1 branch of the dungeon, and saw 4 of its levels.

You collected 174 gold pieces.

Inventory:

Hand Weapons
 a - a +1 mace
 h - a +1 flail of holy wrath (weapon)
 m - a +0 long sword
Missiles
 e - 5 boomerangs of dispersal (quivered)
 v - 3 javelins
Armour
 b - a +0 leather armour (worn)
 i - a +0 helmet (worn)
 r - a +2 pair of boots (worn)
 y - a +2 ring mail of magic resistance
Jewellery
 j - a ring of positive energy (left hand)
 n - a ring of resist corrosion (right hand)
 t - an uncursed ring of positive energy
Scrolls
 o - 6 scrolls of remove curse
 p - 3 scrolls of amnesia
 q - a scroll of fear
Potions
 l - 2 potions of magic
 u - a potion of degeneration
 w - a potion of haste
Comestibles
 c - 2 chunks of flesh
 f - 8 rations


   Skills:
 + Level 5.1 Fighting
 + Level 2.1 Short Blades
 + Level 2.1 Long Blades
 + Level 2.1 Axes
 + Level 5.1 Maces & Flails
 + Level 2.1 Polearms
 + Level 2.1 Staves
 + Level 2.1 Slings
 + Level 2.1 Bows
 + Level 2.1 Crossbows
 + Level 3.4 Throwing
 + Level 3.4 Armour
 + Level 5.1 Dodging
 + Level 2.1 Stealth
 + Level 2.1 Shields
 + Level 2.1 Unarmed Combat
 + Level 5.4 Spellcasting
 + Level 1.7 Conjurations
 + Level 1.7 Hexes
 + Level 1.7 Charms
 + Level 1.7 Summonings
 + Level 1.7 Necromancy
 + Level 5.7 Translocations
 + Level 1.7 Transmutations
 + Level 1.7 Fire Magic
 + Level 1.7 Ice Magic
 + Level 1.7 Air Magic
 + Level 1.7 Earth Magic
 + Level 1.7 Poison Magic
 + Level 2.4 Invocations
 + Level 2.1 Evocations


You had 4 spell levels left.
You knew the following spells:

 Your Spells              Type           Power        Failure   Level  Hunger
a - Shroud of Golubria    Chrm/Tloc      ###...       5%          2    #......
b - Gell's Gravitas       Tloc           ###.......   4%          3    ##.....
c - Teleport Other        Tloc           ###.....     4%          3    ##.....
d - Call Imp              Summ           ##......     13%         2    #......
e - Slow                  Hex            ##......     13%         2    #......

Your spell library contained the following spells:

 Spells                   Type           Power        Failure   Level  Hunger
 Blink                    Tloc           N/A          2%          2    #......
 Lesser Beckoning         Tloc           ###.......   4%          3    ##.....
 Magic Dart               Conj           ##..         9%          1    None
 Passage of Golubria      Tloc           N/A          16%         4    ####...
 Conjure Flame            Conj/Fire      ##......     26%         3    ##.....
 Mephitic Cloud           Conj/Pois/Air  ##......     26%         3    ##.....


Dungeon Overview and Level Annotations

Branches:
Dungeon (4/15)
 Temple: D:4-7

Altars:
Fedhas
Trog

Annotations:
D:4 Menkaure, Pikel, Sigmund


Innate Abilities, Weirdness & Mutations

Your experience applies equally to all skills.
You have very sharp teeth.
Your uncanny sense of smell can sniff out nearby items.


Message History

* * * LOW HITPOINT WARNING * * *
It was a potion of degeneration.
There was something very wrong with that liquid.
You feel weakened.
You feel dopey.
You feel clumsy.
Pikel drinks a potion.
Pikel is healed!
It was a potion of haste.
You feel yourself speed up. Pikel hits you but does no damage.
Okay, then.
It was a potion of cancellation.
Your magical effects are unravelling.
You feel magically purged.
Your magical contamination has completely faded away.
You feel yourself slow down.
You feel a little less mighty now. Pikel misses you.
It was a potion of agility.
You feel agile all of a sudden.
Pikel hits you with a +2 whip of flaming.
* * * LOW HITPOINT WARNING * * *
Pikel burns you.
You die...

## .# ############## .#
########.............
.############........###########.
.##.^..........####### #.
.......######..#################.
.......# #...@Kppp@M..........
....#..######.########.###.#####.
.#.##.......รท.########...........
.#.##..######...........##p###...
.#.##..# #.###.......##.# #...
.......# #.# #.########.# #...
##.##..# #.# #.# #.# #... ...##..#
#.. #.# #K# .... .#. #..# ##. #.#
#.#


You could see Pikel, Sigmund, 3 slaves and Menkaure.

Vanquished Creatures
  Edmund (D:4)
  A hound (D:4)
  2 iguanas (D:4)
  4 worker ants
  7 adders
  2 oozes
  A worm (D:3)
  An adder skeleton (D:3)
  A leopard gecko (D:4)
  2 orcs
  A ball python (D:2)
  6 bats
  7 goblins
  7 hobgoblins
  7 kobolds
  2 quokkas
  2 frilled lizards (D:2)
  9 rats
63 creatures vanquished.

Notes
Turn   | Place    | Note
-------+----------+-------------------------------------------
     0 | D:1      | Afromullet the Gnoll Warper began the quest for the Orb.
     0 | D:1      | Reached XP level 1. HP: 20/20 MP: 6/6
   252 | D:1      | Reached XP level 2. HP: 26/26 MP: 7/7
   274 | D:1      | Learned a level 2 spell: Shroud of Golubria
  1069 | D:2      | Reached XP level 3. HP: 31/31 MP: 7/9
  1098 | D:2      | Reached skill level 5 in Spellcasting
  1103 | D:2      | Learned a level 3 spell: Gell's Gravitas
  1107 | D:2      | Learned a level 3 spell: Teleport Other
  1162 | D:2      | Found a blossoming altar of Fedhas.
  1405 | D:2      | Reached skill level 1 in Invocations
  1526 | D:2      | Reached skill level 1 in Short Blades
  1526 | D:2      | Reached skill level 1 in Long Blades
  1526 | D:2      | Reached skill level 1 in Axes
  1526 | D:2      | Reached skill level 1 in Polearms
  1526 | D:2      | Reached skill level 1 in Staves
  1526 | D:2      | Reached skill level 1 in Slings
  1526 | D:2      | Reached skill level 1 in Bows
  1526 | D:2      | Reached skill level 1 in Crossbows
  1526 | D:2      | Reached skill level 1 in Stealth
  1526 | D:2      | Reached skill level 1 in Shields
  1526 | D:2      | Reached skill level 1 in Unarmed Combat
  1526 | D:2      | Reached skill level 1 in Evocations
  1526 | D:2      | Reached XP level 4. HP: 28/38 MP: 11/11
  1888 | D:3      | Reached skill level 1 in Conjurations
  1888 | D:3      | Reached skill level 1 in Hexes
  1888 | D:3      | Reached skill level 1 in Charms
  1888 | D:3      | Reached skill level 1 in Summonings
  1888 | D:3      | Reached skill level 1 in Necromancy
  1888 | D:3      | Reached skill level 1 in Transmutations
  1888 | D:3      | Reached skill level 1 in Fire Magic
  1888 | D:3      | Reached skill level 1 in Ice Magic
  1888 | D:3      | Reached skill level 1 in Air Magic
  1888 | D:3      | Reached skill level 1 in Earth Magic
  1888 | D:3      | Reached skill level 1 in Poison Magic
  2053 | D:3      | Learned a level 2 spell: Call Imp
  2073 | D:3      | Noticed a moth of wrath
  2076 | D:3      | Found a bloodstained altar of Trog.
  2236 | D:3      | Reached XP level 5. HP: 42/43 MP: 12/12
  2919 | D:4      | Reached XP level 6. HP: 35/50 MP: 13/13
  2928 | D:4      | Learned a level 2 spell: Slow
  2948 | D:4      | Noticed Sigmund
  3225 | D:4      | Noticed Edmund
  3256 | D:4      | Killed Edmund
  3256 | D:4      | Reached skill level 5 in Fighting
  3256 | D:4      | Reached skill level 5 in Maces & Flails
  3256 | D:4      | Reached skill level 5 in Dodging
  3467 | D:4      | Reached XP level 7. HP: 51/56 MP: 15/15
  3507 | D:4      | Noticed Pikel
  3514 | D:4      | Noticed Menkaure
  3554 | D:4      | HP: 1/56 [Pikel/+2 whip of flaming (4)]
  3554 | D:4      | Slain by Pikel

Levels and vault maps discovered:
D:1:      sevenhm_arrival_forest_fort_small_3, layout_basic
D:2:      layout_loops_cross, eino_curves_04, minivault_23, nrook_mini_vaults,
          fedhas_altar_2
D:3:      layout_rooms, tgw_trog, hex_medium, minmay_misc_feat_five
D:4:      layout_loops_ring, uniq_sigmund, uniq_menkaure, uniq_pikel,
          uniq_edmund

Skill      XL: |  1  2  3  4  5  6 |
---------------+-------------------+-----
Spellcasting   | 5 |  5.4
Invocations    | 1 2 |  2.4
Short Blades   | 1 2 |  2.1
Long Blades    | 1 2 |  2.1
Axes           | 1 2 |  2.1
Polearms       | 1 2 |  2.1
Staves         | 1 2 |  2.1
Slings         | 1 2 |  2.1
Bows           | 1 2 |  2.1
Crossbows      | 1 2 |  2.1
Stealth        | 1 2 |  2.1
Shields        | 1 2 |  2.1
Unarmed Combat | 1 2 |  2.1
Evocations     | 1 2 |  2.1
Conjurations   | 1 |  1.7
Hexes          | 1 |  1.7
Charms         | 1 |  1.7
Summonings     | 1 |  1.7
Necromancy     | 1 |  1.7
Transmutations | 1 |  1.7
Fire Magic     | 1 |  1.7
Ice Magic      | 1 |  1.7
Air Magic      | 1 |  1.7
Earth Magic    | 1 |  1.7
Poison Magic   | 1 |  1.7
Throwing       | 3 |  3.4
Armour         | 3 |  3.4
Fighting       | 5 |  5.1
Maces & Flails | 5 |  5.1
Dodging        | 5 |  5.1
Translocations | |  5.7

Action                   |  1- 3 |  4- 6 |  7- 9 || total
-------------------------+-------+-------+-------++-------
Melee: Mace              |    94 |   152 |       ||   246
       Bite              |     3 |    22 |     2 ||    27
       Punch             |       |     1 |       ||     1
       Flail             |       |     9 |     9 ||    18
 Cast: Shroud of Golubri |     6 |     7 |       ||    13
       Call Imp          |       |     1 |       ||     1
  Use: Scroll            |     4 |     5 |     2 ||    11
       Potion            |       |     6 |     6 ||    12
 Stab: Sleeping          |       |     3 |       ||     3
  Eat: Chunk             |     1 |     4 |       ||     5
       Ration            |     1 |       |       ||     1
Armor: Leather armour    |    24 |    46 |     4 ||    74
Dodge: Dodged            |    89 |   139 |    12 ||   240
